 Dungeon Crawl Stone Soup version 0.31-a0-145-g046c7d2549 (webtiles) character file.

Game seed: 17797571385399230388

94 hikkokomori the Ducker (level 4, -5/54 (55) HPs)
             Began as a Demigod Gladiator on June 7, 2023.
             Slain by Crazy Yiuf
             ... wielding a +3 quarterstaff of chaos
              (11 damage)
             ... on level 3 of the Dungeon.
             The game lasted 00:02:52 (2035 turns).

hikkokomori the Ducker (Demigod Gladiator)          Turns: 2035, Time: 00:02:53

HP:   -5/54 (55)    AC: 22    Str: 21    XL:     4   Next: 16%
MP:   6/6           EV:  2    Int: 10    God:
Gold: 201           SH:  0    Dex: 25    Spells: 3/3 levels left

rFire   . . .        a - +0 long sword
rCold   . . .        (no shield)
rNeg    . . .        b - melded +0 leather armour
rPois   +            c - melded +0 helmet
rElec   .            (cloak currently unavailable)
rCorr   .            (gloves currently unavailable)
SInv    .            (boots currently unavailable)
Will    .....        (no amulet)
Stlth   ++           f - +6 ring of dexterity
HPRegen 0.29/turn    g - +6 ring of strength
MPRegen 0.10/turn

%: no passive effects
@: lethally poisoned (-5 -> -10), tree-form, hasted, lightly drained, very quick
A: stationary, stasis, torment immunity, boosted hp, high MP 1, forlorn, divine
attributes
a: no special abilities


You were on level 3 of the Dungeon.
You were a tree.
You visited 1 branch of the dungeon, and saw 3 of its levels.

You collected 201 gold pieces.

Inventory:

Hand Weapons
 a - a +0 long sword (weapon)
Missiles
 d - 3 throwing nets (quivered)
 e - a javelin
 q - an atropa-tipped dart
Armour
 b - a +0 leather armour (melded)
 c - a +0 helmet (melded)
 l - an orb of energy
Jewellery
 f - a +6 ring of dexterity (left branch)
 g - a +6 ring of strength (right branch)
Scrolls
 i - a scroll of identify {unknown}
 m - a scroll of vulnerability {unknown}
 p - 2 scrolls of teleportation {unknown}
Potions
 h - a potion of enlightenment {unknown}
 j - a potion of heal wounds {unknown}
 k - a potion of might {unknown}
 n - a potion of cancellation
 o - a potion of lignification
 r - a potion of invisibility {unknown}


   Skills:
 + Level 2.7 Fighting
 + Level 3.4 Long Blades
 - Level 1.7 Throwing
 + Level 3.4 Dodging
 + Level 1.1 Stealth


You had 3 spell levels left.
You didn't know any spells.
Your spell library contained the following spells:

 Spells                   Type           Power      Damage    Failure   Level
 Inner Flame              Hex/Fire       0%         N/A       75%         3
 Flame Wave               Conj/Fire      0%         2d4       98%         4
 Sticky Flame             Conj/Fire      0%         2d3       98%         4


Dungeon Overview and Level Annotations

Branches:
Dungeon (3/15)

Annotations:
D:3 Crazy Yiuf


Innate Abilities, Weirdness & Mutations

You are a tree.
Your roots penetrate the ground, keeping you stationary.
You cannot be teleported.
You are immune to unholy pain and torment.
Your maximum health is greatly increased.
Your equipment is partially melded.
You have an increased reservoir of magic. (+10% MP)
You shall have no god before yourself.
Your divine heritage dramatically boosts your attributes as you level up.


Message History

You feel very sick.
You feel very sick.
Crazy Yiuf seems less confused.
Crazy Yiuf misses you.
There is an open translucent door here.
You see here an atropa-tipped dart.
You strike the helpless Crazy Yiuf from behind!
You hit Crazy Yiuf but do no damage. You punch Crazy Yiuf, but do no damage.
You feel very sick. Crazy Yiuf misses you.
You catch the helpless Crazy Yiuf completely off-guard!
You slash Crazy Yiuf!
Crazy Yiuf is heavily wounded.
You feel sick.
Crazy Yiuf cries, "You leg down broken song, no?"
You feel sick.
Crazy Yiuf is no longer blind.
Crazy Yiuf misses you.
It was a potion of cancellation.
You feel magically purged.
You feel sick. Crazy Yiuf barely misses you.
It was a potion of lignification.
You turn into a tree.
Your +0 helmet melds into your body.
Your +0 leather armour melds into your body.
Your roots penetrate the ground.
You feel sick. Crazy Yiuf hits you but does no damage.
You closely miss Crazy Yiuf.
Crazy Yiuf is heavily wounded.
You feel sick.
Crazy Yiuf hits you with a +3 quarterstaff of chaos.
* * * LOW HITPOINT WARNING * * *
You feel yourself speed up. Crazy Yiuf hits you but does no damage.
You are more poisoned.
You hit Crazy Yiuf but do no damage.
Crazy Yiuf is heavily wounded.
* * * LOW HITPOINT WARNING * * *
You feel sick.
Unknown command.
You hit Crazy Yiuf but do no damage.
Crazy Yiuf is heavily wounded.
You feel sick.
Crazy Yiuf sings, "Trees, trees, trees, circus!"
Crazy Yiuf hits you with a +3 quarterstaff of chaos!
You die...

########
########.#..#.###
#.g.##..#.......#
##
#(.♣(.####......#
#. #)..###
##.#...# #. #####
####..###.
#...##. #....##
######......
#........##.
#........##.
########....


You could see Crazy Yiuf.

Vanquished Creatures
  An adder (D:2)
  A worm (D:2)
  2 dart slugs
  An orc (D:3)
  6 ball pythons
  7 endoplasms
  2 giant cockroaches (D:2)
  11 goblins
  7 hobgoblins
  8 jackals (D:3)
  4 kobolds
  3 quokkas
  4 bats
  3 frilled lizards
  7 rats
67 creatures vanquished.

Notes
Turn   | Place    | Note
-------+----------+-------------------------------------------
     0 | D:1      | hikkokomori the Demigod Gladiator began the quest for the
                  | Orb.
     0 | D:1      | Reached XP level 1. HP: 17/17 MP: 3/3
    74 | D:1      | Reached XP level 2. HP: 22/24 MP: 4/4
   560 | D:1      | Reached XP level 3. HP: 30/30 MP: 5/5
  1532 | D:3      | Reached XP level 4. HP: 30/37 MP: 6/6
  1533 | D:3      | Reached skill level 1 in Stealth
  1619 | D:3      | Found a runed translucent door.
  1620 | D:3      | Noticed Crazy Yiuf
  2035 | D:3      | Slain by Crazy Yiuf

Illustrated notes

Levels and vault maps discovered:
D:1:      eino_arrival_tree_alley, layout_basic,
          hellmonk_ecumenical_altar_zigzags, serial_park_tiny_1, minivault_4
D:2:      layout_basic
D:3:      layout_rooms, uniq_crazy_yiuf_cottage

Skill      XL: |  1  2  3  4 |
---------------+-------------+-----
Fighting       | 2 |  2.7
Long Blades    | 3 |  3.4
Dodging        | 3 |  3.4
Stealth        | 1 |  1.1
Throwing       | |  1.7

Action                     |  1- 3 |  4- 6 || total
---------------------------+-------+-------++-------
  Melee: Long sword        |   133 |    26 ||   159
         Punch             |     1 |     1 ||     2
  Throw: Dart              |       |     3 ||     3
    Use: Scroll            |     1 |       ||     1
         Potion            |       |     2 ||     2
   Stab: Sleeping          |     6 |     1 ||     7
         Distracted        |     1 |       ||     1
         Invisible         |       |     2 ||     2
 Armour: Leather armour    |    41 |    13 ||    54
         Skin              |       |     2 ||     2
  Dodge: Dodged            |   101 |    44 ||   145

Table legend: (Time is in decaauts)
 A = Elapsed time spent in this place.
 B = Non-inter-level travel time spent in this place.
 C = Inter-level travel time spent in this place.
 D = Time resting spent in this place.
 E = Time spent auto-exploring this place.
 F = Levels seen in this place.
 G = Mean time per level.
                   A        B        C        D        E       F      G
               +--------+--------+--------+--------+--------+-----+--------+
         Total |   2072 |   2005 |     67 |      0 |   1556 |   3 |  690.7 |
       Dungeon |   2072 |   2005 |     67 |      0 |   1556 |   3 |  690.7 |
               +--------+--------+--------+--------+--------+-----+--------+

Top non-repeatable levels by time:
     D:1: 836 daAuts
     D:2: 630 daAuts
     D:3: 604 daAuts
